Map: Orbital Shipyard

Players

Dragon

  • Race: Terran Terran
  • League: Master

final - Winner!

  • Race: Terran Terran
  • League: Master

VOD

Have the link to the VOD?

Description

Time

  • Played on: Dec. 25, 2015, 7:06 a.m.
  • Length: 5:22
Show
View Real Time Build Order
Export as new Build Order

Dragon Terran 

Build Orders: Liberator Opening 

Get SALT Encoding   

  12  0:01  SCV  
  13  0:13  SCV  
  14  0:17  Supply Depot  
  14  0:25  SCV  
  15  0:39  SCV  
  15  0:42  Barracks  
  16  0:51  SCV  
  17  1:03  SCV  
  18  1:15  SCV  
  19  1:20  Command Center  
  19  1:31  Marine  
  20  1:33  Orbital Command  
  20  1:45  Refinery  
  20  1:50  Marine  
  20  1:52  Supply Depot  
  21  2:00  SCV, Refinery  
  22  2:08  Marine  
  23  2:16  SCV  
  24  2:25  Marine  
  25  2:33  SCV  
  25  2:36  Supply Depot  
  26  2:40  Supply Depot  
  26  2:41  Factory  
  26  2:43  Marine  
  27  2:47  Orbital Command  
  27  2:52  SCV  
  28  3:01  Marine  
  28  3:05  SCV  
  29  3:13  SCV  
  29  3:17  SCV  
  29  3:19  Marine  
  28  3:29  Hellion  
  28  3:35  SCV x2, Starport  
  28  3:37  Marine  
  31  3:47  SCV x2  
  28  3:53  Hellion  
  28  3:55  Liberator, Marine  
  22  4:10  SCV  
  22  4:11  SCV  
  22  4:13  Marine  
  24  4:23  SCV x2  
  21  4:26  Hellion  
  21  4:30  Marine  
  20  4:35  SCV  
  19  4:40  SCV  
  18  4:47  SCV  
  18  4:48  Marine  
  18  4:52  SCV  
  17  4:59  SCV  
  12  5:04  SCV  
Show
View Real Time Build Order
Export as new Build Order

final Terran - Winner!

Build Orders:  

Get SALT Encoding   

  12  0:01  SCV  
  13  0:13  SCV  
  14  0:17  Supply Depot  
  14  0:25  SCV  
  15  0:39  SCV, Barracks  
  16  0:44  Refinery  
  16  0:51  SCV  
  17  1:02  Barracks  
  17  1:04  SCV  
  18  1:11  Refinery  
  18  1:16  SCV  
  19  1:29  Reaper  
  20  1:34  Orbital Command  
  20  1:50  Reaper  
  21  1:58  Supply Depot  
  21  2:00  SCV  
  21  2:01  Reaper  
  23  2:13  Factory  
  23  2:19  SCV  
  25  2:22  Reaper  
  25  2:31  SCV  
  26  2:41  Reaper  
  26  2:44  SCV  
  28  2:45  Supply Depot  
  28  2:56  SCV  
  29  3:07  Reaper  
  29  3:08  Hellion  
  29  3:11  Starport  
  29  3:12  SCV  
  33  3:13  Reaper  
  33  3:16  Supply Depot  
  34  3:34  Hellion  
  34  3:39  Reaper  
  35  3:45  Reaper  
  36  3:52  Medivac  
  40  3:55  Hellion  
  39  4:11  Reaper  
  42  4:17  Hellion, Reaper  
  41  4:38  Hellion  
  41  4:43  Reaper  
  42  4:47  SCV  
  42  4:50  Reaper  
  40  5:02  Factory Tech Lab  
  40  5:05  Command Center  
  42  5:10  Command Center  
Tags
 
Add a new tag
Caveats
  • Supply blocks, unpowered buildings, or Contaminate may cause inaccurate times.
  • Supply counts are checked every 10 seconds.